 Dungeon Crawl Stone Soup version 0.25-a0-700-g7f8a797 (webtiles) character file.

Game seed: 661948132648515219, levelgen mode: deterministic

25 BlueFish the Ruffian (level 2, -3/29 HPs)
             Began as a Troll Monk on Apr 2, 2020.
             Slain by a hornet (16 damage)
             ... on level 2 of the Dungeon.
             The game lasted 00:01:42 (1256 turns).

BlueFish the Ruffian (Troll Monk)                   Turns: 1256, Time: 00:01:42

Health: -3/29      AC:  6    Str: 18    XL:     2   Next: 86%
Magic:  1/1        EV: 10    Int:  6    God:
Gold:   78         SH:  3    Dex: 12    Spells: 1/1 levels left

rFire    . . .     SeeInvis .     - Unarmed
rCold    . . .     Gourm    +   (no shield)
rNeg     . . .     Faith    .   a - +0 robe
rPois    .         Spirit   .   (helmet restricted)
rElec    .         Reflect  +   (no cloak)
rCorr    .         Harm     .   (gloves unavailable)
MR       .....                  (boots unavailable)
Stlth    ++........             c - +3 amulet of reflection
HPRegen  0.49/turn              (no ring)
MPRegen  0.07/turn              (no ring)

@: slowed, very slow
A: large, unfitting armour, claws 3, fast metabolism 3, gourmand, regeneration
1, shaggy fur 1, tough skin 3
a: no special abilities


You were on level 2 of the Dungeon.
You were very full.

You visited 1 branch of the dungeon, and saw 2 of its levels.

You collected 78 gold pieces.

Inventory:

Armour
 a - a +0 robe (worn)
 d - a scarf of resistance
Jewellery
 c - a +3 amulet of reflection (around neck)
Scrolls
 g - a scroll of remove curse
Potions
 h - a potion of heal wounds
Comestibles
 b - 3 rations


   Skills:
 * Level 2.6 Fighting
 + Level 2.5 Dodging
 + Level 1.1 Stealth
 * Level 3.6 Unarmed Combat


You had one spell level left.
You didn't know any spells.
Your spell library was empty.

Dungeon Overview and Level Annotations

Branches:
Dungeon (2/15)

Altars:


Innate Abilities, Weirdness & Mutations

You are too large for most types of armour.
You have claws for hands.
Your metabolism is lightning-fast.
You like to eat raw meat.
Your natural rate of healing is unusually fast.
You are covered in fur. (AC +1)
You have extremely tough skin. (AC +3)


Message History

You are too injured to fight recklessly!
You are too injured to fight recklessly!
You are too injured to fight recklessly!
You are too injured to fight recklessly!
You are too injured to fight recklessly!
You are too injured to fight recklessly!
You are too injured to fight recklessly!
You are too injured to fight recklessly!
You are too injured to fight recklessly!
You are too injured to fight recklessly!
You are too injured to fight recklessly!
You are too injured to fight recklessly!
You are too injured to fight recklessly!
You are too injured to fight recklessly!
You scratch the hornet.
The hornet is lightly wounded.
The hornet stings you but does no damage.
The hornet stings you!
Ouch! That really hurt!
You die...

########.#.#.#.##
#.#.#.#.##
#########.#.#.#.##
#...[.....#.#.#.##
#.#########.#.#.##
#.# .....#.#...
#.# #.......###
#.# #..........
#@# #.......###
#y# #.......# .S.
#.......# ##...
#.......# #....
#.......# #.....
#.......#
....(.##.......###
##....##.......##<
#.......###


You could see a hornet and an adder.

Vanquished Creatures
  A worm (D:2)
  A leopard gecko (D:1)
  3 bats
  3 goblins (D:2)
  3 hobgoblins
  6 frilled lizards
  3 kobolds
  3 rats (D:1)
23 creatures vanquished.

Notes
Turn   | Place    | Note
-------+----------+-------------------------------------------
     0 | D:1      | BlueFish the Troll Monk began the quest for the Orb.
     0 | D:1      | Reached XP level 1. HP: 22/22 MP: 0/0
   113 | D:1      | Reached XP level 2. HP: 8/29 MP: 1/1
  1019 | D:2      | HP: 1/29 [worm (9)]
  1251 | D:2      | Noticed a hornet
  1256 | D:2      | Slain by a hornet

Levels and vault maps discovered:
D:1:      tarquinn_simple_flora_water_f, layout_basic, serial_bayou_pond_c,
          kennysheep_decorative_pillar
D:2:      layout_basic

Action                   || total
-------------------------++-------
Melee: Unarmed           ||    68
       Punch             ||     1
  Use: Scroll            ||     6
  Eat: Chunk             ||    15
Armor: Robe              ||    26
Dodge: Dodged            ||    18
Block: Other             ||     7

Table legend:
 A = Non-vault XP
 B = Vault XP
 C = Vault XP percentage of total XP
 D = Non-vault monster count
 E = Vault monster count
 F = Vault count percentage of total count
                 A         B        C        D         E       F
            +---------+---------+-------+---------+---------+-------
      Total |      37 |       0 |   0.0 |      23 |       0 |   0.0
            +---------+---------+-------+---------+---------+-------
        D:1 |      17 |       0 |   0.0 |      13 |       0 |   0.0
        D:2 |      20 |       0 |   0.0 |      10 |       0 |   0.0
            +---------+---------+-------+---------+---------+-------
